 Dungeon Crawl Stone Soup version 0.29.1 (webtiles) character file.

Game seed: 1192312126234644942

195634 Icepheonix32 the Warrior (level 17, -13/153 HPs)
             Began as a Minotaur Fighter on Sept 13, 2022.
             Was the Champion of Okawaru.
             Killed from afar by a lindwurm (51 damage)
             ... with a blast of flame
             ... on level 1 of the Vaults.
             The game lasted 01:06:45 (37177 turns).

Icepheonix32 the Warrior (Minotaur Fighter)        Turns: 37177, Time: 01:06:45

Health: -13/153    AC: 28    Str: 28    XL:     17   Next: 71%
Magic:  22/24      EV: 17    Int:  4    God:    Okawaru [******]
Gold:   360        SH: 26    Dex: 16    Spells: 16/16 levels left

rFire   x . .      SeeInvis +   i - +8 broad axe "Spiderbane" {flame, Dex+3 SInv}
rCold   + + .      Faith    .   I - +5 kite shield of Defence {rPois}
rNeg    . . .      Spirit   .   S - +6 scale mail "Gabbuzoc" {Harm rPois Str-4 Slay+5}
rPois   +          Reflect  +   P - +0 hat "Codudgh" {Rampage rElec rC+ Dex-3}
rElec   +          Harm     +   d - +2 cloak {Will+}
rCorr   .          Rampage  +   y - +2 pair of gloves
Will    ++...                   f - +2 pair of boots
Stlth   ++........              u - amulet of reflection
HPRegen 0.35/turn               n - ring of ice
MPRegen 0.19/turn               B - +6 ring of strength

@: heroic, marked
A: horns 2, retaliatory headbutt, agile 1, frail 1
}: 1/15 runes: gossamer
a: Renounce Religion, Heroism, Finesse, Duel


You were on level 1 of the Vaults.
You worshipped Okawaru.
Okawaru was exalted by your worship.
You visited 7 branches of the dungeon, and saw 29 of its levels.
You also visited: Ice Cave.

You collected 2741 gold pieces.
You spent 2381 gold pieces at shops.

Inventory:

Hand Weapons
 i - the +8 broad axe "Spiderbane" (weapon) {flame, Dex+3 SInv}
   (You found it on level 9 of the Dungeon)

   It burns those it strikes, dealing additional fire damage.
   Big, fiery blades are also staple armaments of hydra-hunters.
   Dex:       It affects your dexterity (+3).
   SInv:      It lets you see invisible.
 j - a +9 vorpal scimitar
 G - the +9 arbalest of Guppesmi {penet, +Blink rC+ Will+ Str+4}
   (You bought it in a shop on level 2 of the Orcish Mines)

   Any ammunition fired by it passes through the targets it hits, potentially
   hitting all targets in its path until it reaches maximum range.
   Str:       It affects your strength (+4).
   rC:        It protects you from cold.
   +Blink:    It lets you blink.
   Will:      It increases your willpower.
 Z - the +9 double sword of Fiuwn {vorpal, SInv}
   (Okawaru gifted it to you on level 4 of the Lair of Beasts)

   It inflicts extra damage upon your enemies.
   SInv:      It lets you see invisible.
Missiles
 s - 3 atropa-tipped darts
 v - 48 poisoned darts (quivered)
 x - 6 throwing nets
 K - 15 javelins
 L - 3 curare-tipped darts
Armour
 d - a +2 cloak of willpower (worn)
 f - a +2 pair of boots (worn)
 y - a +2 pair of gloves (worn)
 F - the +3 plate armour of the Dolphin {Will+}
   (Okawaru gifted it to you in an ice cave)

   Will:      It increases your willpower.
 I - the +5 kite shield of Defence (worn) {rPois}
   (Okawaru gifted it to you on level 11 of the Dungeon)

   rPois:     It protects you from poison.
 M - a +2 tower shield of cold resistance
 P - the +0 hat "Codudgh" (worn) {Rampage rElec rC+ Dex-3}
   (Okawaru gifted it to you on level 15 of the Dungeon)

   Dex:       It affects your dexterity (-3).
   rC:        It protects you from cold.
   rElec:     It insulates you from electricity.
   Rampage:   It bestows one free step when moving towards enemies.
 S - the +6 scale mail "Gabbuzoc" (worn) {Harm rPois Str-4 Slay+5}
   (You bought it in a shop on level 1 of the Depths)

   Str:       It affects your strength (-4).
   Slay:      It affects your accuracy & damage with ranged weapons and melee
   (+5).
   rPois:     It protects you from poison.
   Harm:      It increases damage dealt and taken.
 V - the +0 hat of Entitlement {-Cast rF+++ rCorr Int-4}
   (Okawaru gifted it to you on level 1 of the Lair of Beasts)

   Int:       It affects your intelligence (-4).
   rF:        It renders you almost immune to fire.
   -Cast:     It prevents spellcasting.
   rCorr:     It protects you from acid and corrosion.
 Y - a +2 pair of boots of rampaging
Jewellery
 c - a ring of protection from cold
 n - a ring of ice (left hand)
 q - a +6 ring of dexterity
 u - an amulet of reflection (around neck)
 A - a +6 ring of intelligence
 B - a +6 ring of strength (right hand)
 T - a ring of flight
Wands
 p - a wand of iceblast (31)
 t - a wand of paralysis (10)
 w - a wand of acid (10)
 D - a wand of polymorph (7)
 J - a wand of flame (6)
 Q - a wand of mindburst (21)
Scrolls
 a - 6 scrolls of magic mapping
 e - 12 scrolls of teleportation
 g - 3 scrolls of fog
 h - 2 scrolls of blinking
 o - 4 scrolls of fear
 E - 15 scrolls of identify
 N - 2 scrolls of enchant weapon
 O - 2 scrolls of silence
 R - 2 scrolls of amnesia
Potions
 b - 2 potions of lignification
 k - 5 potions of brilliance
 l - 2 potions of heal wounds
 m - 2 potions of cancellation
 r - 5 potions of flight
 z - 2 potions of attraction
 C - 12 potions of curing
 H - 4 potions of ambrosia
 U - 7 potions of haste
 W - 3 potions of might
 X - 2 potions of resistance


   Skills:
 * Level 20.1(25.1) Fighting
 + Level 9.0(14.0) Long Blades
 + Level 17.8(23.1) Axes
 + Level 5.6(17.9) Maces & Flails
 * Level 7.1(12.1) Ranged Weapons
 + Level 13.6(18.6) Armour
 + Level 7.7(12.7) Dodging
 + Level 2.4(7.4) Stealth
 + Level 15.5(20.5) Shields
 + Level 0.2(5.2) Unarmed Combat
 * Level 11.8 Invocations
 + Level 0.7 Evocations


You had 16 spell levels left.
You didn't know any spells.
Your spell library contained the following spells:

 Spells                   Type           Power      Damage    Failure   Level
 Apportation              Tloc           0%         N/A       77%         1
 Beastly Appendage        Tmut           0%         N/A       77%         1
 Necrotise                Necr           0%         1d4       77%         1
 Sandblast                Erth           0%         2d4       77%         1
 Blink                    Tloc           0%         N/A       88%         2
 Passwall                 Tmut/Erth      0%         N/A       88%         2
 Wereblood                Tmut           0%         N/A       88%         2
 Ozocubu's Armour         Ice            0%         N/A       98%         3
 Portal Projectile        Hex/Tloc       0%         N/A       98%         3
 Spider Form              Tmut/Pois      0%         N/A       98%         3
 Stone Arrow              Conj/Erth      0%         3d7       98%         3
 Anguish                  Hex/Necr       0%         N/A       100%        4
 Leda's Liquefaction      Hex/Erth       0%         N/A       100%        4
 Blade Hands              Tmut           0%         N/A       100%        5
 Manifold Assault         Tloc           0%         N/A       100%        5
 Enfeeble                 Hex            0%         N/A       100%        7
 Ozocubu's Refrigeration  Ice            0%         4d7       100%        7
 Storm Form               Tmut/Air       0%         N/A       100%        7
 Maxwell's Capacitive Co  Air            0%         ∞         100%        8
 Summon Small Mammal      Summ           Unusable   N/A       N/A         1
 Call Canine Familiar     Summ           Unusable   N/A       N/A         3
 Tukima's Dance           Hex            Unusable   N/A       N/A         3
 Summon Lightning Spire   Summ/Air       Unusable   N/A       N/A         4

Dungeon Overview and Level Annotations

Branches:
Dungeon (15/15)            Temple (1/1) D:6            Lair (5/5) D:11
 Shoals (0/4) Lair:2       Spider (4/4) Lair:2        Slime (0/5) Lair:5
    Orc (2/2) D:11            Elf (0/3) Orc:2        Vaults (1/5) D:14
 Depths (1/4) D:15          IceCv (visited)

Altars:
Ashenzari
Cheibriados
Dithmenos
Elyvilon
Fedhas
Gozag
Hepliaklqana
Kikubaaqudgha
Makhleb
Nemelex Xobeh
Okawaru
Qazlal
Ru
Sif Muna
Trog
Uskayaw
Vehumet
Wu Jian
Xom
Yredelemnul
Zin
The Shining One
Jiyva

Shops:
D:11 !::   Orc:1 !   Orc:2 =[!*(   Depths:1 [[

Annotations:
Temple 2 transporters
Lair:5 exclusion: 4 oklob plants


Innate Abilities, Weirdness & Mutations

You have a pair of horns on your head.
You reflexively headbutt those who attack you in melee.
You are agile. (Dex +4, Str/Int -1)
You are frail. (-10% HP)


Message History

Things that are here:
a +1 whip of electrocution; a harpy corpse A yaktaur captain comes into view.
An ironbound convoker comes into view. It is wielding a +0 great mace.
Items here: ) ? [[.
Okay, then.
Things that are here:
a +1 whip of electrocution; a harpy corpse The ironbound preserver casts a spell.
The ironbound preserver begins to accept its allies' injuries.
The ironbound convoker points at something and mumbles some strange words.
There is an open door here.
You close the door.
You feel a little less mighty now.
You feel like a meek peon again.
An ironbound preserver is nearby!
You are too injured to fight recklessly!
You are too injured to fight recklessly!
Unknown command.
You slice the ironbound preserver!! You burn the ironbound preserver.
The ironbound preserver is moderately wounded.
A lindwurm, an ironbound thunderhulk and a slime creature come into view.
A deep troll comes into view.
The ironbound preserver hits you with a +0 morningstar.
* * * LOW HITPOINT WARNING * * *
You block the ironbound convoker's attack.
The lindwurm moves out of view.
Unknown command.
You open the ironbound preserver like a pillowcase!!!
You burn the ironbound preserver!
You headbutt the ironbound preserver, but do no damage.
The ironbound preserver is almost dead.
You slash the ironbound convoker! You burn the ironbound convoker.
You block the ironbound preserver's attack.
You block the ironbound convoker's attack.
An ironbound convoker opens the door.
You gain the combat prowess of a mighty hero.
The lindwurm breathes flames at you. The blast of flame hits you!!!
The fire burns you terribly!
You die...

#....))).......
#....#########. #..p.#
#....# ##### #....#
##.#.###....#
##.?..^##O...#
#......pcT...#
##..>.@##....#
#.....p.kp...#
##:....##....#
##.#.###....# . #####
#....#########.
########..............
.......#..............
.......'..............
.......#.............#


You could see an ironbound preserver, an ironbound thunderhulk, a yaktaur
captain (strong), a deep troll, a lindwurm (catching breath) and 2 ironbound
convokers.

Vanquished Creatures
  A lich (Depths:1)
  Rupert (Orc:2)
  Asterion (Vaults:1)
  2 vault wardens (Vaults:1)
  3 ghost moths (Spider:4)
  A frost giant (IceCv)
  5 emperor scorpions
  6 broodmothers
  Nessos (Orc:2)
  3 entropy weavers
  5 dire elephants
  A spark wasp (Spider:2)
  An ettin (D:14)
  3 fire dragons
  6 hydras
  An ice dragon (Lair:5)
  Harold (D:11)
  2 ogre magi (D:15)
  7 boulder beetles
  A jorogumo (Spider:4)
  3 radroaches
  14 two-headed ogres
  Urug (Lair:4)
  2 tengu warriors (D:14)
  A spectral dire elephant (Lair:5)
  4 orc high priests (Orc:2)
  12 death yaks
  An iron troll (D:14)
  A spectral death yak (Lair:5)
  4 sun moths
  The ghost of bronco the Markskobold, a novice KoHu of Dithmenos (D:8)
  A spectral anaconda (Lair:5)
  5 pharaoh ants
  14 orb spiders
  7 steelbarb worms
  2 wizards
  An obsidian statue (Lair:5)
  An orange crystal statue (D:10)
  2 ironbound convokers (Vaults:1)
  4 necromancers
  2 lindwurms
  7 orc knights
  7 deep elf pyromancers
  4 harpies (Vaults:1)
  21 wolf spiders
  5 orc sorcerers
  27 ugly things
  3 manticores
  6 moths of wrath
  15 slime creatures
  2 cyclopes
  22 elephants
  A merfolk siren (Lair:2)
  4 vault sentinels (Vaults:1)
  2 centaur zombies (D:15)
  3 black mambas
  An ice statue (IceCv)
  A naga mage (D:15)
  Maggie (D:6)
  A guardian serpent (shapeshifter) (D:14)
  4 torpor snails
  A gargoyle (D:14)
  A centaur skeleton (D:15)
  13 cane toads
  An unseen horror (D:10)
  2 rime drakes
  6 demonic crawlers
  2 dire elephant skeletons (Lair:5)
  9 komodo dragons
  A tengu conjurer (D:14)
  2 kobold demonologists (D:11)
  A yaktaur (shapeshifter) (D:13)
  8 trolls
  22 tarantellas
  13 polar bears
  A tarantella (shapeshifter) (D:8)
  2 dream sheep (Lair:5)
  2 spectral elephants (Lair:5)
  12 blink frogs
  29 jumping spiders
  A vampire (D:10)
  44 yaks
  A shadow (D:12)
  4 wraiths
  6 wyverns
  22 culicivoras
  2 steam dragons (D:10)
  2 basilisks
  A death yak simulacrum (Lair:5)
  2 spectral cane toads (Lair:5)
  27 redbacks
  7 vampire mosquitoes
  An acid dragon (D:14)
  2 wargs (Orc:1)
  10 water moccasins
  3 black bears
  2 ice beasts
  28 orc warriors
  An elephant zombie (Lair:5)
  17 ogres
  42 wolves
  3 centaurs
  2 elephant skeletons (Lair:5)
  4 phantoms
  4 kobold brigands
  Blork the orc (D:6)
  14 bullfrogs
  A gnoll sergeant (D:12)
  A cane toad simulacrum (Lair:5)
  2 scorpions (D:6)
  16 wights
  15 killer bees
  An elephant simulacrum (Lair:5)
  3 howler monkeys
  4 electric eels
  2 jellies
  Crazy Yiuf (D:2)
  5 hounds
  15 orc priests
  2 gnoll boudas
  2 iguanas
  Terence (D:2)
  24 orc wizards
  Natasha (thrice) (D:2)
  6 adders
  14 gnolls
  A white imp (D:7)
  An ufetubus (D:4)
  2 worms
  4 dart slugs
  62 orcs
  7 ball pythons
  7 endoplasms
  3 giant cockroaches
  8 goblins
  7 hobgoblins
  25 kobolds
  5 quokkas
  5 bats
  A frilled lizard (D:1)
  6 rats
  2 withered plants (Lair:5)
917 creatures vanquished.

Vanquished Creatures (others)
  A moth of wrath (Spider:4)
  A polar bear (Lair:5)
  An orc wizard (D:12)
  3 fungi
  50 plants
  23 withered plants (Lair:5)
79 creatures vanquished.

Grand Total: 996 creatures vanquished

Notes
Turn   | Place    | Note
-------+----------+-------------------------------------------
     0 | D:1      | Icepheonix32 the Minotaur Fighter began the quest for the
                  | Orb.
     0 | D:1      | Reached XP level 1. HP: 19/19 MP: 0/0
   108 | D:1      | Reached skill level 4 in Fighting
   108 | D:1      | Reached XP level 2. HP: 26/27 MP: 1/1
   131 | D:1      | Found a faded altar of an unknown god.
   914 | D:2      | Reached XP level 3. HP: 34/34 MP: 2/2
  1089 | D:2      | Noticed Natasha
  1096 | D:2      | Killed Natasha
  1112 | D:2      | Reached XP level 4. HP: 38/41 MP: 3/3
  1320 | D:2      | Found a runed translucent door.
  1320 | D:2      | Noticed Terence
  1320 | D:2      | Noticed Crazy Yiuf
  1361 | D:2      | Found Mumadest's Distillery.
  1400 | D:2      | Noticed Natasha
  1412 | D:2      | Killed Natasha
  1413 | D:2      | Reached skill level 5 in Fighting
  1520 | D:2      | Noticed Natasha
  1526 | D:2      | Killed Natasha
  2049 | D:3      | Reached XP level 5. HP: 39/48 MP: 4/4
  2136 | D:3      | Noticed a black bear
  2146 | D:3      | Killed a black bear
  2147 | D:3      | Reached skill level 1 in Dodging
  2152 | D:3      | Reached XP level 6. HP: 18/57 MP: 5/5
  2504 | D:3      | Reached skill level 5 in Axes
  2572 | D:3      | Reached skill level 6 in Fighting
  2731 | D:3      | You fall into a shaft and drop 1 floor!
  3195 | D:4      | Reached skill level 1 in Maces & Flails
  3350 | D:4      | Reached XP level 7. HP: 64/64 MP: 6/6
  3407 | D:4      | Found a hazy altar of Hepliaklqana.
  3410 | D:4      | Found a glowing golden altar of the Shining One.
  3717 | D:4      | Reached skill level 5 in Armour
  3755 | D:5      | Entered Level 5 of the Dungeon
  4310 | D:5      | Reached skill level 7 in Fighting
  5005 | D:6      | Reached XP level 8. HP: 73/73 MP: 7/7
  5422 | D:6      | Reached skill level 5 in Maces & Flails
  5482 | D:6      | Noticed Maggie
  5488 | D:6      | Reached skill level 5 in Shields
  5493 | D:6      | Killed Maggie
  5494 | D:6      | Reached skill level 1 in Stealth
  5604 | D:6      | Reached skill level 8 in Fighting
  5615 | D:6      | HP: 3/69 [wight/+3 trident (10)]
  5946 | D:6      | Noticed Blork the orc
  5958 | D:6      | Killed Blork the orc
  5959 | D:6      | Reached skill level 1 in Long Blades
  5959 | D:6      | Reached XP level 9. HP: 65/81 MP: 8/8
  6034 | D:6      | Noticed a cyclops
  6042 | D:6      | HP: 1/82 [cyclops (9)]
  6044 | D:6      | Killed a cyclops
  6286 | D:6      | Reached skill level 9 in Fighting
  6522 | D:6      | Found a staircase to the Ecumenical Temple.
  6536 | Temple   | Entered the Ecumenical Temple
  6536 | Temple   | Found a transporter.
  6536 | Temple   | Found a transporter.
  6538 | Temple   | Found a transporter.
  6538 | Temple   | Found a transporter.
  6568 | Temple   | Became a worshipper of Warmaster Okawaru
  7338 | D:7      | Reached skill level 5 in Long Blades
  7339 | D:7      | Reached * piety under Okawaru
  7583 | D:7      | Reached XP level 10. HP: 9/91 MP: 9/9
  8173 | D:8      | Reached ** piety under Okawaru
  8174 | D:8      | Reached skill level 10 in Armour
  8356 | D:7      | Reached skill level 10 in Fighting
  8702 | D:8      | Noticed bronco's ghost (novice KoHu)
  8702 | D:8      | Found a transporter.
  9281 | D:8      | Reached *** piety under Okawaru
  9611 | D:8      | Gained mutation: You passively dampen the noise of your
                  | surroundings. [potion of mutation]
  9646 | D:9      | Reached skill level 1 in Invocations
 10080 | D:9      | Found a blossoming altar of Fedhas.
 10089 | D:9      | Identified the +8 broad axe "Spiderbane" {flame, Dex+3
                  | SInv}
 10567 | D:10     | Entered Level 10 of the Dungeon
 10567 | D:10     | Noticed an orange crystal statue
 10578 | D:10     | Noticed a two-headed ogre
 10578 | D:10     | Killed an orange crystal statue
 10579 | D:10     | Reached XP level 11. HP: 90/101 MP: 1/11
 10684 | D:10     | Noticed a two-headed ogre
 10690 | D:10     | Killed a two-headed ogre
 10690 | D:10     | Reached **** piety under Okawaru
 10691 | D:10     | Reached skill level 11 in Fighting
 11338 | D:10     | Noticed a two-headed ogre
 11343 | D:10     | Killed a two-headed ogre
 11584 | D:10     | Received a gift from Okawaru
 11607 | D:10     | Noticed a two-headed ogre
 11613 | D:10     | Killed a two-headed ogre
 11940 | D:10     | Reached skill level 12 in Fighting
 12366 | D:11     | Found Wahu's Book Shop.
 12370 | D:11     | Noticed Harold
 12380 | D:11     | Killed Harold
 12380 | D:11     | Reached ***** piety under Okawaru
 12540 | D:11     | Noticed a soul eater
 12555 | D:11     | Identified the +8 long sword of the Threshing Big Fish
                  | {venom, Fly rElec Int+2}
 12715 | D:11     | Found Molatusa's Distillery.
 12718 | D:11     | Bought a potion of heal wounds for 80 gold pieces
 12718 | D:11     | Bought a potion of heal wounds for 80 gold pieces
 12718 | D:11     | Bought a potion of heal wounds for 80 gold pieces
 12718 | D:11     | Bought a potion of attraction for 48 gold pieces
 12718 | D:11     | Bought a potion of curing for 48 gold pieces
 12718 | D:11     | Bought a potion of curing for 48 gold pieces
 12909 | D:11     | Noticed a two-headed ogre
 12912 | D:11     | Killed a two-headed ogre
 12912 | D:11     | Identified the +5 kite shield of Defence {rPois} (Okawaru
                  | gifted it to you on level 11 of the Dungeon)
 12912 | D:11     | Received a gift from Okawaru
 12944 | D:11     | Found a staircase to the Orcish Mines.
 12958 | D:11     | Found Wuom's Book Boutique.
 13420 | D:11     | Found a staircase to the Lair.
 13519 | D:12     | Noticed a deep elf pyromancer
 13524 | D:12     | Killed a deep elf pyromancer
 13525 | D:12     | Reached skill level 13 in Fighting
 13646 | D:12     | Reached XP level 12. HP: 115/115 MP: 14/14
 13678 | D:12     | Reached skill level 5 in Invocations
 13868 | D:12     | Noticed a boulder beetle
 13882 | D:12     | Killed a boulder beetle
 14026 | D:12     | Reached skill level 5 in Dodging
 14654 | D:13     | Identified the +1 robe "Daoscho" {Str+4}
 14837 | D:13     | Noticed a boulder beetle
 14848 | D:13     | Killed a boulder beetle
 14982 | D:13     | Received a gift from Okawaru
 15853 | D:14     | Noticed a tengu warrior
 15857 | D:14     | Killed a tengu warrior
 15909 | D:14     | Reached ****** piety under Okawaru
 16107 | D:14     | Received a gift from Okawaru
 16222 | D:14     | Reached skill level 14 in Fighting
 16302 | D:14     | Reached XP level 13. HP: 81/124 MP: 17/17
 16302 | D:14     | Received a gift from Okawaru
 16305 | D:14     | Reached skill level 10 in Axes
 16752 | D:14     | Reached skill level 10 in Shields
 17022 | D:14     | Noticed a fire dragon
 17322 | D:14     | Found a gate to the Vaults.
 17381 | D:14     | Noticed an ettin
 17389 | D:14     | Killed an ettin
 17685 | D:14     | Killed a fire dragon
 18112 | D:15     | Entered Level 15 of the Dungeon
 18133 | D:15     | Reached skill level 15 in Fighting
 18144 | D:15     | Identified the +0 hat "Codudgh" {Rampage rElec rC+ Dex-3}
                  | (Okawaru gifted it to you on level 15 of the Dungeon)
 18144 | D:15     | Received a gift from Okawaru
 18863 | D:15     | Reached XP level 14. HP: 112/135 MP: 17/19
 19232 | D:15     | Found a staircase to the Depths.
 19523 | Depths:1 | Entered Level 1 of the Depths
 19599 | Depths:1 | Found Gamimiun's Antique Armour Shop.
 19605 | Depths:1 | Found Nes Ycw's Armour Shop.
 19620 | Depths:1 | Bought a distressingly furry scale mail for 306 gold pieces
 19620 | Depths:1 | Identified the +6 scale mail "Gabbuzoc" {Harm rPois Str-4
                  | Slay+5} (You bought it in a shop on level 1 of the Depths)
 19738 | Depths:1 | Noticed a lich
 19745 | Depths:1 | Killed a lich
 19786 | Depths:1 | Noticed a white very ugly thing
 19786 | Depths:1 | Noticed a white very ugly thing
 19786 | Depths:1 | Noticed a white very ugly thing
 19786 | Depths:1 | Noticed a white very ugly thing
 19967 | Lair:1   | Entered Level 1 of the Lair of Beasts
 20192 | Lair:1   | Identified the +0 hat of Entitlement {-Cast rF+++ rCorr
                  | Int-4} (Okawaru gifted it to you on level 1 of the Lair of
                  | Beasts)
 20192 | Lair:1   | Received a gift from Okawaru
 20193 | Lair:1   | Reached skill level 16 in Fighting
 20327 | Lair:1   | Found a transporter.
 20327 | Lair:1   | Found a transporter.
 21003 | Lair:2   | Found a hole to the Spider Nest.
 21511 | Lair:2   | Found a staircase to the Shoals.
 23423 | Lair:4   | Noticed Urug
 23428 | Lair:4   | Killed Urug
 23721 | Lair:4   | Identified the +9 double sword of Fiuwn {vorpal, SInv}
                  | (Okawaru gifted it to you on level 4 of the Lair of Beasts)
 23721 | Lair:4   | Received a gift from Okawaru
 23818 | Lair:4   | Reached XP level 15. HP: 134/145 MP: 21/21
 24371 | Lair:5   | Entered Level 5 of the Lair of Beasts
 24371 | Lair:5   | Found a staircase to the Slime Pits.
 24433 | Lair:5   | Found a frozen archway.
 24468 | IceCv    | Entered an ice cave
 24735 | IceCv    | Lost mutation: You passively dampen the noise of your
                  | surroundings. [potion of mutation]
 24735 | IceCv    | Gained mutation: You occasionally shout uncontrollably at
                  | your foes. [potion of mutation]
 24735 | IceCv    | Gained mutation: You are agile. (Dex +4, Str/Int -1)
                  | [potion of mutation]
 24870 | IceCv    | Reached skill level 17 in Fighting
 25078 | IceCv    | Noticed a frost giant
 25086 | IceCv    | Killed a frost giant
 25091 | IceCv    | Identified the +3 plate armour of the Dolphin {Will+}
                  | (Okawaru gifted it to you in an ice cave)
 25091 | IceCv    | Received a gift from Okawaru
 25141 | IceCv    | Identified the +5 dagger "Piagrin" {freeze, Fragile +Blink
                  | rElec Int-2}
 25264 | Lair:5   | Identified the +0 cloak "Kiaka" {Will++ Stlth-}
 25382 | Lair:5   | Found a viscous altar of Jiyva.
 25634 | Lair:5   | Reached skill level 15 in Axes
 26045 | Lair:5   | Reached skill level 10 in Invocations
 27030 | Orc:1    | Entered Level 1 of the Orcish Mines
 27049 | Orc:1    | Received a gift from Okawaru
 27260 | Orc:2    | Entered Level 2 of the Orcish Mines
 27333 | Orc:1    | Found Patuebri's Distillery.
 27346 | Orc:1    | Reached XP level 16. HP: 100/157 MP: 22/22
 27895 | Orc:2    | Found a staircase to the Elven Halls.
 28073 | Orc:2    | Reached skill level 18 in Fighting
 28121 | Orc:2    | Found Arauj's Weapon Boutique.
 28187 | Orc:2    | Found Wiupt's Assorted Antiques.
 28187 | Orc:2    | Found Isogoar's Jewellery Shop.
 28193 | Orc:2    | Found Fuysutro's Distillery.
 28193 | Orc:2    | Found Zesize's Antique Armour Shop.
 28213 | Orc:2    | Bought a pair of runed gloves for 232 gold pieces
 28564 | Orc:2    | Noticed Nessos
 28567 | Orc:2    | Killed Nessos
 28609 | Orc:2    | Noticed Rupert
 28623 | Orc:2    | Killed Rupert
 28624 | Orc:2    | Reached skill level 15 in Shields
 28942 | Orc:2    | Bought the +9 arbalest of Guppesmi {penet, +Blink rC+ Will+
                  | Str+4} for 1459 gold pieces
 29409 | D:2      | Killed Crazy Yiuf
 29410 | D:2      | Killed Terence
 29546 | D:8      | Found a transporter.
 29549 | D:8      | Killed bronco's ghost
 29851 | Spider:1 | Entered Level 1 of the Spider Nest
 29922 | Spider:1 | Reached skill level 1 in Ranged Weapons
 30416 | Spider:1 | Received a gift from Okawaru
 30557 | Spider:1 | Identified the +1 leather armour "Uceno" {rPois}
 32946 | Spider:3 | Reached skill level 5 in Ranged Weapons
 33473 | Spider:3 | Reached skill level 19 in Fighting
 33571 | Spider:3 | Received a gift from Okawaru
 34085 | Spider:3 | Reached XP level 17. HP: 124/168 MP: 24/24
 34874 | Spider:4 | Entered Level 4 of the Spider Nest
 35332 | Spider:4 | Identified the +1 pair of gloves "Qunkix" {*Corrode rPois
                  | MP+9 Slay-2} (Okawaru gifted it to you on level 4 of the
                  | Spider Nest)
 35332 | Spider:4 | Received a gift from Okawaru
 35823 | Spider:4 | HP: 2/170 [disintegration (38)]
 36299 | Spider:4 | Got a gossamer rune of Zot
 36550 | Spider:4 | Lost mutation: You are agile. (Dex +4, Str/Int -1) [potion
                  | of mutation]
 36550 | Spider:4 | Lost mutation: You occasionally shout uncontrollably at
                  | your foes. [potion of mutation]
 36550 | Spider:4 | Gained mutation: Your spells are a little harder to cast,
                  | but a little more powerful. [potion of mutation]
 36550 | Spider:4 | Gained mutation: You are agile. (Dex +4, Str/Int -1)
                  | [potion of mutation]
 36803 | D:10     | Lost mutation: You are agile. (Dex +4, Str/Int -1) [potion
                  | of mutation]
 36803 | D:10     | Lost mutation: Your spells are a little harder to cast, but
                  | a little more powerful. [potion of mutation]
 36803 | D:10     | Gained mutation: You are frail. (-10% HP) [potion of
                  | mutation]
 36803 | D:10     | Gained mutation: You are agile. (Dex +4, Str/Int -1)
                  | [potion of mutation]
 36926 | Vaults:1 | Entered Level 1 of the Vaults
 36970 | Vaults:1 | Reached skill level 20 in Fighting
 37110 | Vaults:1 | Noticed Asterion
 37121 | Vaults:1 | Killed Asterion
 37141 | Vaults:1 | Received a gift from Okawaru
 37177 | Vaults:1 | Killed from afar by a lindwurm

Illustrated notes

Levels and vault maps discovered:
D:1:      evilmike_arrival_hilbert_curve, layout_loops_ring,
          hellmonk_ecumenical_altar_heavens_door, minmay_indecisive_spiral
D:2:      cheibrodos_greedy_goblins, layout_basic, serial_shops, shop,
          minmay_misc_feat_square, uniq_crazy_yiuf_cottage, uniq_terence,
          uniq_natasha
D:3:      layout_basic
D:4:      layout_loops_ring, grunt_temple_overflow_open
D:5:      layout_basic, minivault_5, minmay_misc_feat_tower,
          hangedman_decor_push
D:6:      layout_loops_corners, minmay_temple_entry_glassed_door,
          minmay_three_doors, uniq_blork_the_orc, uniq_maggie
D:7:      layout_rooms, item_on_display_a
D:8:      layout_loops_ring, gammafunk_ghost_smash,
          hangedman_abyss_or_decor_stabs
D:9:      layout_irregular_city, mainiacjoe_overflow_concentric_impassable
D:10:     layout_roguey, minivault_16, minmay_diced_spiral
D:11:     layout_basic, david_lair_shrubbed, orc_0_dummy, serial_shops, shop,
          nicolae_lakefront_shop, shop, uniq_harold
D:12:     layout_roguey, kennysheep_generic_room_7
D:13:     layout_roguey, serial_co_window_serial, co_window_paths_b,
          co_window_corner_a, co_window_of_opportunity_a, co_window_paths_a,
          co_window_paths_a, co_window_unsneaky_path_a, co_window_broadway_b,
          co_window_corner_cb, co_window_corner_ca, co_window_sun,
          co_window_4corner_b, glass_columns_b, glass_columns_c, glass_columns_c
D:14:     layout_grid_maze, david_vaults_4, minmay_misc_feat_roman
D:15:     grunt_enter_depths_magical_seal, layout_cross
Temple:   hellmonk_temple_divided_pantheon
Lair:1:   gammafunk_boulding_lane, layout_cave_shapes,
          grunt_forest_small_clearing_treed, grunt_megastairs_4
Lair:2:   layout_layer_cave, minmay_shoals_entry_lonely_mermaid,
          nicolae_spider_entry_orb_guardian
Lair:3:   layout_cave_pods, serial_forest, infiniplex_forest_clump_long,
          infiniplex_forest_straight_1, infiniplex_forest_clump_curved,
          infiniplex_forest_clump_medium, infiniplex_forest_corner_1,
          infiniplex_forest_lined_3, infiniplex_forest_clump_small,
          grunt_megastairs_3
Lair:4:   layout_hall_layers, beast_lair_carwin_10, uniq_urug
Lair:5:   due_jungle_book, layout_regular_city, minmay_slime_entry_oklob_open,
          portal_ice_cave_entry_animals_and_master, nicolae_lair_lil_pond,
          nicolae_lair_grazing_beasts [nicolae_sub_lair_graze_edge,
          nicolae_sub_lair_graze_edge, nicolae_sub_lair_graze_edge,
          nicolae_sub_lair_graze_edge], infiniplex_staircase_pool
Spider:1: layout_spider_delve
Spider:2: layout_spider_delve
Spider:3: layout_chambers
Spider:4: guppyfry_spider_rune, nicolae_spider_moth_buddies
Orc:1:    layout_caves, basic_altar, serial_shops, shop
Orc:2:    grunt_orc_tribal_feast, layout_diamond_mine, basic_altar,
          serial_shops, nicolae_shop_statue_plus, uniq_nessos, uniq_rupert
Vaults:1: vaults_dpeg_diagonal, nicolae_vaults_big_ls, nicolae_vaults_alarming,
          st_lattice, vaults_room_pool, nicolae_vaults_theta,
          nicolae_vaults_border_crossing, v_rooms_3, v_pattern_2,
          vaults_dpeg_cross, v_misc_4, layout_vaults_big_room, uniq_asterion
Depths:1: layout_gridlike, minmay_strange_pillars, grunt_hell_horde,
          beargit_elvish_explorers, minmay_shop_star

Skill      XL: |  1  2  3  4  5  6  7  8  9 10 11 12 13 14 15 16 17 |
---------------+----------------------------------------------------+-----
Fighting       | 4 5 6 7 8 9 10 13 14 15 16 17 19 20 | 20.1
Axes           | 3 4 5 6 9 12 14 15 16 17 | 17.8
Armour         | 4 6 8 9 11 12 13 | 13.6
Shields        | 4 5 6 7 9 11 12 14 15 | 15.5
Dodging        | 1 2 3 4 5 6 7 |  7.7
Maces & Flails | 1 4 5 |  5.6
Stealth        | 1 2 |  2.4
Long Blades    | 1 6 8 9 |  9.0
Invocations    | 2 4 6 8 9 10 11 | 11.8
Ranged Weapons | 5 7 |  7.1
Unarmed Combat | |  0.2
Evocations     | |  0.7

Action                   |  1- 3 |  4- 6 |  7- 9 | 10-12 | 13-15 | 16-18 || total
-------------------------+-------+-------+-------+-------+-------+-------++-------
Melee: War axe           |    74 |    93 |       |       |       |       ||   167
       Headbutt          |     6 |    22 |    51 |    98 |   166 |    99 ||   442
       Mace              |       |    47 |    88 |       |       |       ||   135
       Long sword        |       |       |    94 |       |       |       ||    94
       Scimitar          |       |       |    34 |   135 |       |       ||   169
       Broad axe         |       |       |       |   267 |   750 |   452 ||  1469
       Unarmed           |       |       |       |     6 |       |       ||     6
       Double sword      |       |       |       |       |     3 |    13 ||    16
       Punch             |       |       |       |       |       |     5 ||     5
 Fire: Arbalest          |       |       |       |       |       |   115 ||   115
Invok: Heroism           |       |       |       |     1 |     7 |     6 ||    14
       Finesse           |       |       |       |       |     2 |     2 ||     4
Evoke: Wand              |       |       |       |     2 |     1 |     2 ||     5
  Use: Potion            |       |       |     8 |     9 |     2 |     8 ||    27
       Scroll            |       |       |    12 |     9 |     6 |     1 ||    28
Armor: Scale mail        |    49 |    89 |    85 |   177 |   182 |   263 ||   845
       Skin              |       |       |       |     2 |       |       ||     2
Dodge: Dodged            |    31 |    55 |   109 |   274 |   152 |   256 ||   877
Block: Buckler           |    14 |    40 |    52 |   102 |       |       ||   208
       Kite shield       |       |       |       |   140 |   468 |   115 ||   723
       Tower shield      |       |       |       |       |   116 |       ||   116
       Reflection        |       |       |       |       |    10 |     3 ||    13
       Other             |       |       |       |       |       |   102 ||   102
